 Dungeon Crawl Stone Soup version 0.21.0-3-g78d12a8 (webtiles) character file.

1096 wazuzu the Martial Artist (level 8, 0/58 HPs)
             Began as a Demonspawn Monk on Jan 9, 2018.
             Was a Follower of Ru.
             Killed from afar by Ijyb (11 damage)
             ... with a wand of acid (6)
             ... on level 5 of the Dungeon.
             The game lasted 00:13:48 (4667 turns).

wazuzu the Martial Artist (Demonspawn Monk)         Turns: 4667, Time: 00:13:49

Health: 0/58       AC:  7    Str: 17    XL:     8   Next: 10%
Magic:  0/8        EV: 13    Int: 11    God:    Ru [*.....]
Gold:   130        SH:  0    Dex: 17    Spells: 7/7 levels left

rFire    + + .     SeeInvis .     - Unarmed
rCold    + . .     Gourm    .   (no shield)
rNeg     . . .     Faith    .   d - +2 leather armour {rC+}
rPois    .         Spirit   +   (no helmet)
rElec    .         Reflect  .   o - +1 cloak
rCorr    .         Harm     .   (no gloves)
MR       +....     Rnd*Rage +   (no boots)
Stlth    ++........             (no amulet)
HPRegen  0.19/turn              e - ring of protection from fire
MPRegen  0.11/turn              n - ring of protection from magic

@: corroded
A: molten scales 3, agile 1, berserk 1, strong 1, magic shield, hated by all
a: Renounce Religion


You were on level 5 of the Dungeon.
You worshipped Ru.
Ru was aware of your devotion.
You were not hungry.

You visited 2 branches of the dungeon, and saw 6 of its levels.

You collected 130 gold pieces.

Inventory:

Armour
 d - a +2 leather armour of cold resistance (worn)
 l - a +0 buckler
 o - a +1 cloak (worn)
Jewellery
 e - a ring of protection from fire (left hand)
 n - a ring of protection from magic (right hand)
Wands
 j - a wand of iceblast (8)
Scrolls
 f - a scroll of enchant weapon
 g - 3 scrolls of teleportation
 h - 3 scrolls of identify
 k - a scroll of remove curse
 m - a scroll of enchant armour
Comestibles
 a - 9 chunks of flesh
 b - 5 rations


   Skills:
 - Level 3.0 Fighting
 - Level 2.6 Dodging
 - Level 1.7 Stealth
 + Level 9.2 Unarmed Combat


You had 7 spell levels left.
You didn't know any spells.

Dungeon Overview and Level Annotations

Branches:
Dungeon (5/15)             Temple (1/1) D:5

Altars:
Ashenzari
Cheibriados
Hepliaklqana
Nemelex Xobeh
Okawaru
Ru
Trog
Uskayaw
Wu Jian
Xom
Yredelemnul
Zin
The Shining One

Annotations:
D:5 Eustachio, Ijyb


Innate Abilities, Weirdness & Mutations

You are completely covered in molten scales. (AC +4, rF+)
When hurt, damage is shared between your health and your magic reserves.
You are hated by all.
You are agile. (Dex +2)
You tend to lose your temper in combat.
Your muscles are strong. (Str +2)


Message History

Ijyb the Twisted Goblin comes into view.
The crimson imp barely misses you.
You hit the crimson imp.
The crimson imp is moderately wounded.
Ijyb screams, "Get away!"
Eustachio casts a spell.
Eustachio blinks!
The crimson imp blinks!
Ijyb screams, "No!
No, no, no, no!"
Eustachio hits you with a falchion of electrocution.
You are electrocuted!
You barely miss Eustachio.
Ijyb zaps a wand.
The bolt of acid hits you! The acid corrodes you!
You are splashed with acid!
The acid burns!
* * * LOW HITPOINT WARNING * * *
It is a wand of acid (6).
You hit Eustachio.
Eustachio is lightly wounded.
Eustachio gestures wildly while chanting.
Eustachio blinks!
Ijyb zaps a wand.
The bolt of acid hits you!
You die...

.............##....##..
............^.##....##..
..##..........##....##..
.......@......##........
.............###.......#
.............###.......+
....5..................#
..##............####....
......g@ยง.........
#.##. .........#.....#..
#.# . .........#.....+..
.). . ...............#
..........(..... .##
......###......# ...
#..... ..#.#.# ...
###### ..... ... ..#


You could see Eustachio, Ijyb and a crimson imp.

Vanquished Creatures
  2 phantoms
  An ogre (D:4)
  A sky beast (D:5)
  A centaur (D:5)
  2 howler monkeys (D:4)
  A crimson imp (D:5)
  A hound (D:4)
  Crazy Yiuf (D:2)
  2 bullfrog skeletons
  2 orc priests (D:5)
  A centaur skeleton (D:4)
  An orc wizard (D:4)
  3 worker ants
  A worker ant zombie (D:5)
  3 gnolls (D:4)
  7 adders
  2 oozes
  2 worms (D:2)
  2 dart slugs
  4 leopard geckos
  17 orcs
  8 bats
  7 giant cockroaches
  10 goblins
  5 hobgoblins
  5 jackals
  9 kobolds
  2 quokkas
  2 ball pythons
  3 frilled lizards
  A giant cockroach zombie (D:5)
  A leopard gecko zombie (D:5)
  7 rats
  A fungus (D:2)
118 creatures vanquished.

Vanquished Creatures (others)
  An orc priest (D:4)
1 creature vanquished.

Grand Total: 119 creatures vanquished

Notes
Turn   | Place    | Note
-------+----------+-------------------------------------------
     0 | D:1      | wazuzu the Demonspawn Monk began the quest for the Orb.
     0 | D:1      | Reached XP level 1. HP: 18/18 MP: 1/1
    73 | D:1      | Reached skill level 3 in Unarmed Combat
   345 | D:1      | Gained mutation: You are partially covered in molten scales. (AC +2) [demonic ancestry]
   345 | D:1      | Reached XP level 2. HP: 19/24 MP: 2/2
   659 | D:1      | Reached XP level 3. HP: 22/29 MP: 3/3
  1118 | D:2      | Reached skill level 4 in Unarmed Combat
  1316 | D:2      | Found an ornate altar of the Wu Jian Council.
  1766 | D:2      | Gained mutation: You are mostly covered in molten scales. (AC +3) [demonic ancestry]
  1766 | D:2      | Reached XP level 4. HP: 33/35 MP: 4/4
  2077 | D:2      | Found a runed door.
  2081 | D:2      | Noticed Crazy Yiuf
  2091 | D:2      | Killed Crazy Yiuf
  2236 | D:3      | Reached skill level 5 in Unarmed Combat
  2498 | D:3      | Gained mutation: When hurt, damage is shared between your health and your magic reserves. [demonic ancestry]
  2498 | D:3      | Reached XP level 5. HP: 41/41 MP: 5/5
  2642 | D:3      | Found an iron altar of Okawaru.
  2966 | D:4      | Noticed a phantom
  3003 | D:4      | Reached skill level 6 in Unarmed Combat
  3014 | D:4      | Reached XP level 6. HP: 18/47 MP: 2/6
  3036 | D:4      | Gained mutation: Your muscles are strong. (Str +2) [potion of mutation]
  3036 | D:4      | Gained mutation: You tend to lose your temper in combat. [potion of mutation]
  3036 | D:4      | Gained mutation: You are agile. (Dex +2) [potion of mutation]
  3053 | D:4      | Found a snail-covered altar of Cheibriados.
  3219 | D:5      | Entered Level 5 of the Dungeon
  3593 | D:4      | Reached skill level 7 in Unarmed Combat
  3660 | D:4      | Reached XP level 7. HP: 25/52 MP: 3/7
  4011 | D:4      | Found a sparkling altar of Nemelex Xobeh.
  4131 | D:5      | Reached skill level 8 in Unarmed Combat
  4205 | D:5      | Found a staircase to the Ecumenical Temple.
  4269 | Temple   | Entered the Ecumenical Temple
  4399 | Temple   | Became a worshipper of Ru the Awakened
  4405 | Temple   | Gained mutation: You are hated by all. [Ru sacrifice]
  4405 | Temple   | Reached * piety under Ru
  4605 | D:5      | Reached skill level 9 in Unarmed Combat
  4605 | D:5      | Gained mutation: You are completely covered in molten scales. (AC +4, rF+) [demonic ancestry]
  4605 | D:5      | Reached XP level 8. HP: 41/58 MP: 6/8
  4660 | D:5      | Noticed Eustachio
  4661 | D:5      | Noticed Ijyb
  4667 | D:5      | Killed from afar by Ijyb

Skill      XL: |  1  2  3  4  5  6  7 |
---------------+----------------------+-----
Unarmed Combat | 3 4 5 6 7 9 |  9.2
Fighting       | |  3.0
Dodging        | |  2.6
Stealth        | |  1.7

Action                   |  1- 3 |  4- 6 |  7- 9 || total
-------------------------+-------+-------+-------++-------
Melee: Unarmed           |   160 |   284 |   123 ||   567
       Punch             |     2 |    14 |     6 ||    22
Invok: Sacrifice Love    |       |       |     1 ||     1
  Use: Potion            |       |    11 |       ||    11
       Scroll            |       |     7 |     2 ||     9
 Stab: Sleeping          |     6 |     3 |       ||     9
       Invisible         |       |     7 |     2 ||     9
       Distracted        |       |     1 |       ||     1
  Eat: Chunk             |     2 |     4 |     3 ||     9
       Ration            |       |     1 |       ||     1
Armor: Robe              |     8 |       |       ||     8
       Leather armour    |    20 |    92 |    35 ||   147
Dodge: Dodged            |    76 |   165 |    71 ||   312
